Map: Orbital Shipyard

Players

Miszu

  • Race: Terran Terran
  • League: Master

Rom - Winner!

  • Race: Protoss Protoss
  • League: Master

VOD

Have the link to the VOD?

Description

Time

  • Played on: March 21, 2016, 4:03 p.m.
  • Length: 7:05
Show
View Real Time Build Order
Export as new Build Order

Miszu Terran 

Build Orders: Command Center First (CC), MMM Bio 

Get SALT Encoding   

  12  0:00  SCV  
  13  0:13  SCV  
  14  0:17  Supply Depot  
  14  0:25  SCV  
  15  0:39  SCV  
  16  0:51  SCV  
  17  1:03  SCV  
  18  1:10  Command Center  
  18  1:15  SCV  
  18  1:16  Barracks  
  19  1:27  SCV  
  19  1:29  Barracks  
  20  1:39  SCV  
  21  1:44  Barracks  
  21  1:52  SCV  
  22  2:04  Marine, Orbital Command  
  23  2:21  Marine, Orbital Command  
  24  2:24  Marine  
  24  2:29  SCV  
  26  2:31  Marine  
  26  2:32  Refinery x2  
  27  2:39  Marine  
  27  2:42  Marine, SCV  
  30  2:46  SCV  
  30  2:49  Marine  
  32  2:55  Supply Depot, SCV  
  32  2:57  Marine  
  34  2:59  SCV  
  34  3:00  Marine  
  36  3:07  SCV  
  36  3:11  SCV  
  36  3:12  Barracks Tech Lab  
  38  3:16  Marine  
  38  3:17  Supply Depot, Marine  
  38  3:19  SCV  
  41  3:24  SCV  
  41  3:26  Refinery  
  42  3:30  Marine  
  42  3:31  Stimpack, SCV  
  44  3:34  Marine  
  44  3:36  SCV  
  46  3:41  Factory  
  46  3:42  Marine  
  46  3:43  SCV  
  46  3:48  Marine, SCV  
  50  3:52  Marine  
  51  3:55  SCV  
  51  4:00  Supply Depot, SCV  
  51  4:02  Supply Depot  
  54  4:09  Engineering Bay  
  54  4:12  Barracks Reactor, Barracks Tech Lab, SCV  
  54  4:22  Marine, SCV  
  54  4:23  Supply Depot  
  56  4:24  SCV  
  56  4:27  Starport, Factory Reactor  
  59  4:31  Marauder  
  59  4:34  SCV  
  59  4:36  SCV  
  61  4:39  Marine  
  62  4:46  Terran Infantry Weapons Level 1, SCV  
  62  4:47  Marine x2  
  62  4:52  Combat Shields  
  67  4:53  Marauder, SCV  
  67  4:54  Supply Depot  
  67  4:58  Marauder, SCV  
  71  5:05  Marine  
  72  5:08  SCV  
  72  5:11  Command Center  
  72  5:14  Liberator x2  
  73  5:16  SCV  
  73  5:19  Supply Depot  
  73  5:20  Refinery  
  74  5:22  SCV  
  74  5:24  Marine x2  
  79  5:33  SCV  
  79  5:34  SCV  
  85  5:42  Supply Depot  
  85  5:44  Marauder  
  85  5:45  Marauder, SCV  
  90  5:54  Barracks x2  
  90  5:57  SCV  
  90  5:58  SCV  
  92  6:04  Concussive Shells  
  92  6:05  Supply Depot  
  92  6:06  Marauder  
  94  6:14  Medivac x2  
  94  6:15  SCV  
  94  6:16  SCV  
  100  6:27  Supply Depot  
  100  6:28  SCV x2  
  100  6:30  Marine, Marauder  
  100  6:31  Marauder, Orbital Command  
Show
View Real Time Build Order
Export as new Build Order

Rom Protoss - Winner!

Build Orders: 1 Gate Expand, Blink Stalkers 

Get SALT Encoding   

  12  0:01  Probe (Chrono Boost)  
  13  0:11  Probe (Chrono Boost)  
  14  0:17  Pylon  
  14  0:22  Probe (Chrono Boost)  
  15  0:35  Gateway, Probe (Chrono Boost)  
  16  0:41  Assimilator  
  16  0:46  Probe (Chrono Boost)  
  17  0:56  Probe (Chrono Boost)  
  18  1:07  Probe (Chrono Boost)  
  19  1:17  Nexus  
  19  1:28  Cybernetics Core  
  19  1:31  Probe (Chrono Boost)  
  20  1:36  Assimilator  
  20  1:41  Probe (Chrono Boost)  
  20  1:46  Pylon  
  21  1:52  Probe (Chrono Boost)  
  22  2:02  Probe (Chrono Boost)  
  22  2:04  Stalker (Chrono Boost)  
  22  2:05  Warp Gate  
  25  2:14  Probe  
  26  2:16  Twilight Council  
  26  2:26  Probe (Chrono Boost)  
  26  2:29  Probe (Chrono Boost)  
  28  2:33  Stalker (Chrono Boost)  
  30  2:38  Probe (Chrono Boost)  
  30  2:40  Probe (Chrono Boost)  
  32  2:49  Probe (Chrono Boost)  
  33  2:52  Probe (Chrono Boost)  
  33  2:53  Blink (Chrono Boost)  
  34  2:59  Probe (Chrono Boost)  
  34  3:02  Probe (Chrono Boost)  
  36  3:08  Gateway  
  36  3:10  Probe (Chrono Boost)  
  36  3:12  Probe (Chrono Boost)  
  37  3:15  Robotics Facility  
  38  3:20  Probe  
  38  3:21  Probe  
  40  3:28  Pylon  
  40  3:31  Stalker  
  40  3:32  Probe x2  
  44  3:36  Assimilator  
  44  3:42  Mothership Core  
  44  3:46  Probe  
  47  3:53  Pylon  
  47  3:58  Probe  
  48  4:02  Probe  
  48  4:04  Observer (Chrono Boost)  
  50  4:10  Probe  
  50  4:13  Stalker x2  
  50  4:15  Probe  
  56  4:22  Probe  
  56  4:23  Pylon  
  57  4:25  Nexus  
  57  4:26  Observer  
  57  4:28  Pylon  
  58  4:34  Probe  
  59  4:40  Gateway  
  59  4:42  Probe  
  59  4:43  Warp Prism  
  60  4:46  Stalker x2, Probe  
  67  4:54  Gateway, Probe  
  67  4:58  Probe  
  69  5:04  Gateway  
  69  5:06  Gateway, Probe  
  70  5:09  Sentry  
  70  5:10  Sentry  
  70  5:11  Probe  
  75  5:18  Probe  
  76  5:23  Probe  
  77  5:30  Probe  
  77  5:31  Gateway  
  77  5:32  Gateway  
  77  5:34  Gateway  
  78  5:40  Gateway  
  78  5:41  Gateway  
  78  5:42  Stalker  
  80  5:52  Adept x2  
  80  5:54  Stalker  
  86  6:02  Pylon  
  86  6:04  Pylon  
  86  6:06  Pylon, Stalker  
  88  6:15  Stalker x2  
  92  6:21  Pylon, Stalker x2  
  92  6:22  Pylon  
  92  6:24  Stalker  
  96  6:36  Stalker  
  96  6:37  Stalker  
  100  6:45  Adept  
  100  6:46  Adept x6  
  108  6:50  Adept  
  108  6:58  Adept  
Tags
 
Add a new tag
Caveats
  • Supply blocks, unpowered buildings, or Contaminate may cause inaccurate times.
  • Supply counts are checked every 10 seconds.